Capitals vs Avalanche

Created - October 1 2007 at 18:21

Goals
1 2 3 OT1 T
Capitals 1 0 1 1 3
Avalanche 0 2 0 0 2
Shots
1 2 3 OT1 T
Capitals 10 10 8 1 29
Avalanche 4 12 10 0 26

Period #1

1. Capitals , Matt Pettinger 1 (Alexander Semin, Chris Clark) at 11:22

Penalities :
Gary Roberts (COL) for High sticking (Minor) at 0:32, Matt Cooke (WSH) for Holding Stick (Minor) at 5:42, Adrian Aucoin (WSH) for Hooking (Minor) at 13:15, Joffrey Lupul (COL) for Goalie Interference (Minor) at 15:50, Jordan Leopold (COL) for Roughing (Minor) at 18:06

Period #2

2. Avalanche , Wojtek Wolski 1 (Keith Tkachuk, Patrick O'Sullivan) at 11:35 (PP)
3. Avalanche , Wojtek Wolski 2 (Keith Tkachuk, Ossi Vaananen) at 19:31 (PP)

Penalities :
Kris Beech (WSH) for High sticking (Minor) at 0:10, Gary Roberts (COL) for Holding (Minor) at 3:16, Shaone Morrisonn (WSH) for Cross-checking (Minor) at 11:06, Jordan Leopold (COL) for Hooking (Minor) at 15:23, Matt Pettinger (WSH) for Hooking (Minor) at 17:55

Period #3

4. Capitals , Richard Zednik 1 (Kris Beech, Matt Cooke) at 0:32

Penalities :
Shaone Morrisonn (WSH) for Hooking (Minor) at 14:17, Keith Ballard (COL) for Hooking (Minor) at 17:27

Overtime #1

5. Capitals , Alexander Ovechkin 1 (Dainius Zubrus, Adrian Aucoin) at 1:14

Penalities :
No Penalty

Goalie Stats

Marty Turco (WSH), 24 saves from 26 shots - (0.923), W, 1-0-0, 61:15 minutes
Martin Gerber (COL), 26 saves from 29 shots - (0.897), OTL, 0-0-1, 61:15 minutes

Players Stats

Capitals
Player Name              G  A  P  +/- PIM S  H  SB FO MP 
-----------------------------------------------------------
Adrian Aucoin            0  1  1   2  2   0  0  0  0  18 
Alexander Ovechkin       1  0  1   1  0   5  5  1  2  26 
Alexander Semin          0  1  1   1  0   4  1  0  23 16 
Ben Clymer               0  0  0   2  0   1  3  0  0  22 
Brian Pothier            0  0  0   1  0   0  0  3  0  26 
Brian Sutherby           0  0  0   0  0   0  0  0  26 18 
Bryan Muir               0  0  0   0  0   0  1  0  0  19 
Chris Clark              0  1  1   1  0   2  1  0  0  8  
Dainius Zubrus           0  1  1   1  0   0  1  0  11 13 
David Vyborny            0  0  0   0  0   2  3  1  1  15 
Kris Beech               0  1  1   1  2   3  1  0  25 19 
Matt Cooke               0  1  1   1  2   1  0  0  2  15 
Matt Pettinger           1  0  1   1  2   3  1  0  0  8  
Richard Zednik           1  0  1   1  0   1  2  0  0  20 
Ryane Clowe              0  0  0   0  0   2  0  0  2  17 
Shaone Morrisonn         0  0  0   1  4   1  1  3  0  21 
Steve Eminger            0  0  0   0  0   1  0  1  0  22 
Trent Hunter             0  0  0   0  0   3  1  0  0  10 
Avalanche
Player Name              G  A  P  +/- PIM S  H  SB FO MP 
-----------------------------------------------------------
Brandon Bochenski        0  0  0   0  0   1  1  0  0  9  
Brett Lebda              0  0  0   0  0   0  0  0  0  22 
Brett Mclean             0  0  0   0  0   5  3  0  10 16 
Derek Armstrong          0  0  0  -2  0   0  1  0  23 17 
Gary Roberts             0  0  0  -3  4   2  0  0  10 22 
Jeff Taffe               0  0  0   0  0   1  1  0  19 10 
Joffrey Lupul            0  0  0   0  2   1  1  0  4  16 
Jordan Leopold           0  0  0   0  4   0  1  0  0  15 
Karlis Skrastins         0  0  0   0  0   1  0  2  0  17 
Keith Ballard            0  0  0  -3  2   0  1  1  0  23 
Keith Tkachuk            0  2  2   0  0   2  0  0  9  16 
Ken Klee                 0  0  0  -3  0   0  1  3  0  23 
Martin Rucinsky          0  0  0  -1  0   4  0  0  3  22 
Ossi Vaananen            0  1  1   0  0   2  1  2  0  26 
Patrick O'Sullivan       0  1  1   0  0   1  1  1  7  21 
Peter Bondra             0  0  0   0  0   2  2  0  1  10 
Tyler Arnason            0  0  0  -2  0   1  2  0  4  16 
Wojtek Wolski            2  0  2   0  0   3  0  0  2  9  

3 Stars

1 - Wojtek Wolski (COL)
2 - Alexander Ovechkin (WSH)
3 - Richard Zednik (WSH)

Power Play

Capitals - 0 on 6 Attempt(s) - 0.00%
Avalanche - 2 on 6 Attempt(s) - 33.33%

Penalty Kill

Capitals - 4 on 6 Attempt(s) - 66.67% - Score 0 goal in Penalty Kill
Avalanche - 6 on 6 Attempt(s) - 100.00% - Score 0 goal in Penalty Kill

Game Notes

No Game Note

Finance

Level 1 -- Attendance: 5555 (92.58%) -- Ticket Income $499,950.00
Level 2 -- Attendance: 3391 (67.83%) -- Ticket Income $203,460.00
Level 3 -- Attendance: 1648 (82.11%) -- Ticket Income $57,680.00
Level 4 -- Attendance: 2308 (57.71%) -- Ticket Income $57,700.00
Luxury Box -- Attendance: 857 (85.68%) -- Ticket Income $171,400.00
Game was played at the Pepsi Center
Total Attendance: 13759 (76.41%)
Total Ticket Income: $1,035,851.00
Other Income: $118,894.50
Total Income: $1,154,746.00


Play by Play

Period #1

0:01 of 1st period - Alexander Semin wins face-off versus Wojtek Wolski in neutral zone.
0:04 of 1st period - Keith Tkachuk is hit by David Vyborny and loses puck.
0:16 of 1st period - Icing by Adrian Aucoin.
0:17 of 1st period - Derek Armstrong wins face-off versus Alexander Semin in Capitals zone.
0:17 of 1st period - Keith Ballard is hit by Alexander Ovechkin and loses puck.
0:32 of 1st period - Minor Penalty to Gary Roberts for High sticking.
0:33 of 1st period - Patrick O'Sullivan wins face-off versus Brian Sutherby in Capitals zone.
0:59 of 1st period - Alexander Ovechkin is hit by Keith Ballard and loses puck.
2:14 of 1st period - Shot by Alexander Ovechkin.
2:14 of 1st period - Shot Misses the Net.
2:23 of 1st period - Alexander Ovechkin is hit by Patrick O'Sullivan and loses puck.
2:51 of 1st period - Shot by Chris Clark.
2:51 of 1st period - Stopped by Martin Gerber without a rebound.
2:52 of 1st period - Kris Beech wins face-off versus Jeff Taffe in Avalanche zone.
3:00 of 1st period - Icing by Jordan Leopold.
3:01 of 1st period - Alexander Semin wins face-off versus Jeff Taffe in Avalanche zone.
3:33 of 1st period - Icing by Brian Pothier.
3:34 of 1st period - Alexander Semin wins face-off versus Brett Mclean in Capitals zone.
3:34 of 1st period - Alexander Semin is hit by Brett Mclean.
3:48 of 1st period - Shot by Brett Mclean.
3:48 of 1st period - Stopped by Marty Turco without a rebound.
3:49 of 1st period - Derek Armstrong wins face-off versus Kris Beech in Capitals zone.
3:54 of 1st period - Shot by Tyler Arnason.
3:54 of 1st period - Shot Blocked by Shaone Morrisonn.
3:57 of 1st period - Icing by Shaone Morrisonn.
3:58 of 1st period - Derek Armstrong wins face-off versus Kris Beech in Capitals zone.
4:17 of 1st period - Shot by Kris Beech.
4:17 of 1st period - Stopped by Martin Gerber without a rebound.
4:18 of 1st period - Brian Sutherby wins face-off versus Joffrey Lupul in Avalanche zone.
4:45 of 1st period - Martin Rucinsky is hit by Alexander Ovechkin and loses puck.
5:08 of 1st period - Shot by Matt Cooke.
5:08 of 1st period - Stopped by Martin Gerber without a rebound.
5:09 of 1st period - Kris Beech wins face-off versus Derek Armstrong in Avalanche zone.
5:29 of 1st period - Icing by Shaone Morrisonn.
5:30 of 1st period - Kris Beech wins face-off versus Jeff Taffe in Capitals zone.
5:42 of 1st period - Minor Penalty to Matt Cooke for Holding Stick.
5:43 of 1st period - Derek Armstrong wins face-off versus Dainius Zubrus in Capitals zone.
7:15 of 1st period - Shot by Wojtek Wolski.
7:15 of 1st period - Shot Misses the Net.
7:17 of 1st period - Shot by Ossi Vaananen.
7:17 of 1st period - Stopped by Marty Turco without a rebound.
7:18 of 1st period - Wojtek Wolski wins face-off versus Alexander Ovechkin in Capitals zone.
7:21 of 1st period - Shot by Patrick O'Sullivan.
7:21 of 1st period - Shot Blocked by Brian Pothier.
8:39 of 1st period - Icing by Jordan Leopold.
8:40 of 1st period - Brett Mclean wins face-off versus Kris Beech in Avalanche zone.
9:04 of 1st period - Gary Roberts is hit by Ben Clymer and loses puck.
9:57 of 1st period - Shot by Keith Tkachuk.
9:57 of 1st period - Shot Blocked by Shaone Morrisonn.
9:59 of 1st period - Shot by Brandon Bochenski.
9:59 of 1st period - Stopped by Marty Turco without a rebound.
10:00 of 1st period - Brian Sutherby wins face-off versus Jeff Taffe in Capitals zone.
10:44 of 1st period - Shot by Joffrey Lupul.
10:44 of 1st period - Stopped by Marty Turco without a rebound.
10:45 of 1st period - Derek Armstrong wins face-off versus Alexander Semin in Capitals zone.
11:06 of 1st period - Shot by Chris Clark.
11:06 of 1st period - Shot Misses the Net.
11:10 of 1st period - Shot by Alexander Semin.
11:10 of 1st period - Shot Blocked by Ken Klee.
11:14 of 1st period - Shot by Chris Clark.
11:14 of 1st period - Shot Misses the Net.
11:16 of 1st period - Shot by Chris Clark.
11:16 of 1st period - Stopped by Martin Gerber with a rebound.
11:18 of 1st period - Shot by Matt Pettinger.
11:18 of 1st period - Shot Blocked by Keith Ballard.
11:20 of 1st period - Shot by Alexander Semin.
11:20 of 1st period - Shot Misses the Net.
11:22 of 1st period - Shot by Matt Pettinger.
11:22 of 1st period - Goal by Matt Pettinger - Capitals : 1 - Avalanche : 0.
11:23 of 1st period - Brian Sutherby wins face-off versus Joffrey Lupul in neutral zone.
11:28 of 1st period - Shot by Ryane Clowe.
11:28 of 1st period - Stopped by Martin Gerber without a rebound.
11:29 of 1st period - Alexander Semin wins face-off versus Brett Mclean in Avalanche zone.
11:38 of 1st period - Shot by Alexander Ovechkin.
11:38 of 1st period - Shot Blocked by Karlis Skrastins.
11:41 of 1st period - Icing by Karlis Skrastins.
11:42 of 1st period - Martin Rucinsky wins face-off versus Brian Sutherby in Avalanche zone.
11:42 of 1st period - Ossi Vaananen is hit by Trent Hunter and loses puck.
12:05 of 1st period - Shot by Brian Sutherby.
12:05 of 1st period - Shot Blocked by Ossi Vaananen.
12:07 of 1st period - Shot by Trent Hunter.
12:07 of 1st period - Shot Blocked by Karlis Skrastins.
12:22 of 1st period - Icing by Brett Mclean.
12:23 of 1st period - Kris Beech wins face-off versus Brett Mclean in Avalanche zone.
12:32 of 1st period - Shot by Richard Zednik.
12:32 of 1st period - Shot Blocked by Ossi Vaananen.
12:34 of 1st period - Shot by Shaone Morrisonn.
12:34 of 1st period - Stopped by Martin Gerber without a rebound.
12:35 of 1st period - Alexander Semin wins face-off versus Derek Armstrong in Avalanche zone.
12:42 of 1st period - Shot by Alexander Semin.
12:42 of 1st period - Stopped by Martin Gerber without a rebound.
12:43 of 1st period - Jeff Taffe wins face-off versus Kris Beech in Avalanche zone.
12:59 of 1st period - Icing by Brett Lebda.
13:00 of 1st period - Jeff Taffe wins face-off versus Alexander Semin in Avalanche zone.
13:02 of 1st period - Icing by Brett Lebda.
13:03 of 1st period - David Vyborny wins face-off versus Jeff Taffe in Avalanche zone.
13:15 of 1st period - Minor Penalty to Adrian Aucoin for Hooking.
13:16 of 1st period - Derek Armstrong wins face-off versus Dainius Zubrus in Capitals zone.
13:32 of 1st period - Icing by Ken Klee.
13:33 of 1st period - Kris Beech wins face-off versus Derek Armstrong in Avalanche zone.
15:42 of 1st period - Alexander Semin is hit by Ossi Vaananen and loses puck.
15:50 of 1st period - Minor Penalty to Joffrey Lupul for Goalie Interference.
15:51 of 1st period - Brian Sutherby wins face-off versus Martin Rucinsky in Avalanche zone.
16:27 of 1st period - Shot by Ryane Clowe.
16:27 of 1st period - Shot Blocked by Ken Klee.
16:43 of 1st period - Shot by David Vyborny.
16:43 of 1st period - Stopped by Martin Gerber without a rebound.
16:44 of 1st period - Dainius Zubrus wins face-off versus Patrick O'Sullivan in Avalanche zone.
17:22 of 1st period - Off-side.
17:23 of 1st period - Tyler Arnason wins face-off versus Brian Sutherby in neutral zone.
17:31 of 1st period - Off-side.
17:32 of 1st period - Gary Roberts wins face-off versus Brian Sutherby in neutral zone.
18:06 of 1st period - Minor Penalty to Jordan Leopold for Roughing.
18:07 of 1st period - Dainius Zubrus wins face-off versus Gary Roberts in Avalanche zone.
18:07 of 1st period - David Vyborny is hit by Ken Klee and loses puck.
18:16 of 1st period - Shot by Dainius Zubrus.
18:16 of 1st period - Deflect By Alexander Ovechkin.
18:16 of 1st period - Shot Misses the Net.
18:18 of 1st period - Shot by Steve Eminger.
18:18 of 1st period - Stopped by Martin Gerber without a rebound.
18:19 of 1st period - Brian Sutherby wins face-off versus Patrick O'Sullivan in Avalanche zone.
18:22 of 1st period - Shot by Ryane Clowe.
18:22 of 1st period - Shot Misses the Net.

Period #2

0:01 of 2nd period - Patrick O'Sullivan wins face-off versus Dainius Zubrus in neutral zone.
0:01 of 2nd period - Patrick O'Sullivan is hit by Alexander Ovechkin.
0:10 of 2nd period - Minor Penalty to Kris Beech for High sticking.
0:11 of 2nd period - Dainius Zubrus wins face-off versus Keith Tkachuk in neutral zone.
0:54 of 2nd period - Off-side.
0:55 of 2nd period - Derek Armstrong wins face-off versus Alexander Ovechkin in neutral zone.
2:22 of 2nd period - Ben Clymer is hit by Brett Mclean and loses puck.
2:31 of 2nd period - Shot by Brett Mclean.
2:31 of 2nd period - Stopped by Marty Turco without a rebound.
2:32 of 2nd period - Alexander Semin wins face-off versus Jeff Taffe in Capitals zone.
2:59 of 2nd period - Shot by Chris Clark.
2:59 of 2nd period - Shot Misses the Net.
3:01 of 2nd period - Shot by Alexander Semin.
3:01 of 2nd period - Stopped by Martin Gerber without a rebound.
3:02 of 2nd period - Derek Armstrong wins face-off versus Kris Beech in Avalanche zone.
3:16 of 2nd period - Minor Penalty to Gary Roberts for Holding.
3:17 of 2nd period - Brian Sutherby wins face-off versus Tyler Arnason in Capitals zone.
3:17 of 2nd period - Brian Sutherby is hit by Tyler Arnason.
3:37 of 2nd period - Shot by Alexander Ovechkin.
3:37 of 2nd period - Stopped by Martin Gerber without a rebound.
3:38 of 2nd period - Keith Tkachuk wins face-off versus Dainius Zubrus in Avalanche zone.
4:28 of 2nd period - Icing by Ben Clymer.
4:29 of 2nd period - Patrick O'Sullivan wins face-off versus Brian Sutherby in Capitals zone.
4:40 of 2nd period - Shot by Ryane Clowe.
4:40 of 2nd period - Stopped by Martin Gerber without a rebound.
4:41 of 2nd period - Patrick O'Sullivan wins face-off versus Ryane Clowe in Avalanche zone.
5:06 of 2nd period - Shot by Ryane Clowe.
5:06 of 2nd period - Shot Blocked by Patrick O'Sullivan.
5:10 of 2nd period - Shot by Alexander Ovechkin.
5:10 of 2nd period - Shot Misses the Net.
5:23 of 2nd period - Icing by Bryan Muir.
5:24 of 2nd period - Derek Armstrong wins face-off versus Alexander Semin in Capitals zone.
5:24 of 2nd period - Keith Ballard is hit by Bryan Muir and loses puck.
5:53 of 2nd period - Derek Armstrong is hit by Chris Clark and loses puck.
6:08 of 2nd period - Off-side.
6:09 of 2nd period - Kris Beech wins face-off versus Brett Mclean in neutral zone.
6:21 of 2nd period - Icing by Karlis Skrastins.
6:22 of 2nd period - Brett Mclean wins face-off versus Kris Beech in Avalanche zone.
7:11 of 2nd period - Off-side.
7:12 of 2nd period - Alexander Semin wins face-off versus Jeff Taffe in neutral zone.
7:14 of 2nd period - Alexander Ovechkin is hit by Jeff Taffe and loses puck.
7:25 of 2nd period - Shot by Jeff Taffe.
7:25 of 2nd period - Stopped by Marty Turco without a rebound.
7:26 of 2nd period - Brian Sutherby wins face-off versus Tyler Arnason in Capitals zone.
7:26 of 2nd period - Brian Sutherby is hit by Tyler Arnason.
7:48 of 2nd period - Shot by Alexander Ovechkin.
7:48 of 2nd period - Shot Misses the Net.
8:30 of 2nd period - Shot by Peter Bondra.
8:30 of 2nd period - Stopped by Marty Turco without a rebound.
8:31 of 2nd period - Martin Rucinsky wins face-off versus Alexander Semin in Capitals zone.
8:57 of 2nd period - Joffrey Lupul is hit by Richard Zednik and loses puck.
9:08 of 2nd period - Shot by Martin Rucinsky.
9:08 of 2nd period - Stopped by Marty Turco without a rebound.
9:09 of 2nd period - Kris Beech wins face-off versus Jeff Taffe in Capitals zone.
9:26 of 2nd period - Shot by Matt Cooke.
9:26 of 2nd period - Shot Misses the Net.
9:30 of 2nd period - Shot by Matt Cooke.
9:30 of 2nd period - Shot Misses the Net.
9:44 of 2nd period - Shot by Kris Beech.
9:44 of 2nd period - Stopped by Martin Gerber without a rebound.
9:45 of 2nd period - Derek Armstrong wins face-off versus Brian Sutherby in Avalanche zone.
10:53 of 2nd period - Shot by Martin Rucinsky.
10:53 of 2nd period - Stopped by Marty Turco without a rebound.
10:54 of 2nd period - Jeff Taffe wins face-off versus Kris Beech in Capitals zone.
10:58 of 2nd period - Patrick O'Sullivan is hit by Richard Zednik and loses puck.
11:04 of 2nd period - Jeff Taffe is hit by Kris Beech and loses puck.
11:06 of 2nd period - Minor Penalty to Shaone Morrisonn for Cross-checking.
11:07 of 2nd period - Keith Tkachuk wins face-off versus Kris Beech in Capitals zone.
11:27 of 2nd period - Shot by Patrick O'Sullivan.
11:27 of 2nd period - Shot Misses the Net.
11:31 of 2nd period - Shot by Patrick O'Sullivan.
11:31 of 2nd period - Shot Misses the Net.
11:35 of 2nd period - Shot by Wojtek Wolski.
11:35 of 2nd period - Goal by Wojtek Wolski - Capitals : 1 - Avalanche : 1.
11:36 of 2nd period - Brett Mclean wins face-off versus Matt Cooke in neutral zone.
12:55 of 2nd period - Shot by Alexander Ovechkin.
12:55 of 2nd period - Stopped by Martin Gerber with a rebound.
12:59 of 2nd period - Shot by Alexander Ovechkin.
12:59 of 2nd period - Stopped by Martin Gerber without a rebound.
13:00 of 2nd period - Jeff Taffe wins face-off versus Brian Sutherby in Avalanche zone.
13:30 of 2nd period - Alexander Ovechkin is hit by Peter Bondra and loses puck.
13:40 of 2nd period - Off-side.
13:41 of 2nd period - Alexander Semin wins face-off versus Derek Armstrong in neutral zone.
13:50 of 2nd period - Shot by Matt Pettinger.
13:50 of 2nd period - Shot Misses the Net.
13:52 of 2nd period - Shot by Alexander Semin.
13:52 of 2nd period - Shot Blocked by Ken Klee.
13:54 of 2nd period - Shot by Alexander Semin.
13:54 of 2nd period - Deflect By Matt Pettinger.
13:54 of 2nd period - Stopped by Martin Gerber without a rebound.
13:55 of 2nd period - Brett Mclean wins face-off versus Alexander Semin in Avalanche zone.
14:22 of 2nd period - Shot by Brett Mclean.
14:22 of 2nd period - Shot Misses the Net.
14:26 of 2nd period - Shot by Brett Mclean.
14:26 of 2nd period - Shot Misses the Net.
14:30 of 2nd period - Shot by Joffrey Lupul.
14:30 of 2nd period - Shot Misses the Net.
14:34 of 2nd period - Shot by Brett Mclean.
14:34 of 2nd period - Stopped by Marty Turco with a rebound.
15:02 of 2nd period - Shot by Gary Roberts.
15:02 of 2nd period - Stopped by Marty Turco without a rebound.
15:03 of 2nd period - Matt Cooke wins face-off versus Peter Bondra in Capitals zone.
15:09 of 2nd period - Matt Cooke is hit by Jordan Leopold and loses puck.
15:23 of 2nd period - Minor Penalty to Jordan Leopold for Hooking.
15:24 of 2nd period - Gary Roberts wins face-off versus Brian Sutherby in Avalanche zone.
15:30 of 2nd period - Icing by Alexander Ovechkin.
15:31 of 2nd period - Gary Roberts wins face-off versus Brian Sutherby in Capitals zone.
15:33 of 2nd period - Martin Rucinsky is hit by Ben Clymer and loses puck.
15:39 of 2nd period - Martin Rucinsky is hit by Ben Clymer and loses puck.
16:13 of 2nd period - Icing by David Vyborny.
16:14 of 2nd period - Dainius Zubrus wins face-off versus Gary Roberts in Capitals zone.
16:34 of 2nd period - Shot by Trent Hunter.
16:34 of 2nd period - Deflect By David Vyborny.
16:34 of 2nd period - Stopped by Martin Gerber without a rebound.
16:35 of 2nd period - Gary Roberts wins face-off versus Brian Sutherby in Avalanche zone.
17:01 of 2nd period - Shot by Ryane Clowe.
17:01 of 2nd period - Shot Misses the Net.
17:03 of 2nd period - Shot by Ben Clymer.
17:03 of 2nd period - Stopped by Martin Gerber without a rebound.
17:04 of 2nd period - Gary Roberts wins face-off versus Dainius Zubrus in Avalanche zone.
17:04 of 2nd period - Gary Roberts is hit by David Vyborny.
17:30 of 2nd period - Shot by Matt Pettinger.
17:30 of 2nd period - Stopped by Martin Gerber without a rebound.
17:31 of 2nd period - Keith Tkachuk wins face-off versus Kris Beech in Avalanche zone.
17:42 of 2nd period - Shot by Keith Tkachuk.
17:42 of 2nd period - Stopped by Marty Turco with a rebound.
17:44 of 2nd period - Shot by Jordan Leopold.
17:44 of 2nd period - Shot Misses the Net.
17:48 of 2nd period - Shot by Brandon Bochenski.
17:48 of 2nd period - Shot Misses the Net.
17:50 of 2nd period - Shot by Brandon Bochenski.
17:50 of 2nd period - Shot Blocked by Shaone Morrisonn.
17:52 of 2nd period - Shot by Wojtek Wolski.
17:52 of 2nd period - Deflect By Keith Tkachuk.
17:52 of 2nd period - Stopped by Marty Turco without a rebound.
17:53 of 2nd period - Derek Armstrong wins face-off versus Alexander Semin in Capitals zone.
17:55 of 2nd period - Minor Penalty to Matt Pettinger for Hooking.
17:56 of 2nd period - Dainius Zubrus wins face-off versus Derek Armstrong in Capitals zone.
19:09 of 2nd period - Off-side.
19:10 of 2nd period - Keith Tkachuk wins face-off versus Kris Beech in neutral zone.
19:25 of 2nd period - Shot by Ossi Vaananen.
19:25 of 2nd period - Stopped by Marty Turco with a rebound.
19:29 of 2nd period - Shot by Wojtek Wolski.
19:29 of 2nd period - Shot Misses the Net.
19:31 of 2nd period - Shot by Wojtek Wolski.
19:31 of 2nd period - Goal by Wojtek Wolski - Capitals : 1 - Avalanche : 2.
19:32 of 2nd period - Ryane Clowe wins face-off versus Brett Mclean in neutral zone.
19:32 of 2nd period - Alexander Ovechkin is hit by Joffrey Lupul and loses puck.

Period #3

0:01 of 3rd period - Keith Tkachuk wins face-off versus Alexander Semin in neutral zone.
0:05 of 3rd period - Keith Tkachuk is hit by David Vyborny and loses puck.
0:20 of 3rd period - Shot by Alexander Semin.
0:20 of 3rd period - Stopped by Martin Gerber without a rebound.
0:21 of 3rd period - Kris Beech wins face-off versus Derek Armstrong in Avalanche zone.
0:30 of 3rd period - Shot by Matt Cooke.
0:30 of 3rd period - Deflect By Kris Beech.
0:30 of 3rd period - Shot Misses the Net.
0:32 of 3rd period - Shot by Richard Zednik.
0:32 of 3rd period - Goal by Richard Zednik - Capitals : 2 - Avalanche : 2.
0:33 of 3rd period - Brian Sutherby wins face-off versus Joffrey Lupul in neutral zone.
1:23 of 3rd period - Bryan Muir is hit by Brett Mclean and loses puck.
3:19 of 3rd period - Icing by Brian Pothier.
3:20 of 3rd period - Jeff Taffe wins face-off versus Alexander Semin in Capitals zone.
3:29 of 3rd period - Peter Bondra is hit by Alexander Ovechkin and loses puck.
3:45 of 3rd period - Off-side.
3:46 of 3rd period - Kris Beech wins face-off versus Keith Tkachuk in neutral zone.
3:46 of 3rd period - Richard Zednik is hit by Brandon Bochenski and loses puck.
4:04 of 3rd period - Keith Tkachuk is hit by Shaone Morrisonn and loses puck.
4:48 of 3rd period - Shot by Tyler Arnason.
4:48 of 3rd period - Stopped by Marty Turco with a rebound.
4:54 of 3rd period - Gary Roberts is hit by Alexander Semin and loses puck.
4:59 of 3rd period - Shot by Alexander Semin.
4:59 of 3rd period - Stopped by Martin Gerber without a rebound.
5:00 of 3rd period - Brian Sutherby wins face-off versus Jeff Taffe in Avalanche zone.
5:03 of 3rd period - Shot by Trent Hunter.
5:03 of 3rd period - Shot Misses the Net.
5:05 of 3rd period - Shot by Bryan Muir.
5:05 of 3rd period - Shot Misses the Net.
5:07 of 3rd period - Shot by Brian Sutherby.
5:07 of 3rd period - Shot Misses the Net.
5:09 of 3rd period - Shot by Trent Hunter.
5:09 of 3rd period - Stopped by Martin Gerber without a rebound.
5:10 of 3rd period - Brian Sutherby wins face-off versus Tyler Arnason in Avalanche zone.
5:13 of 3rd period - Shot by Trent Hunter.
5:13 of 3rd period - Stopped by Martin Gerber without a rebound.
5:14 of 3rd period - Derek Armstrong wins face-off versus Brian Sutherby in Avalanche zone.
5:33 of 3rd period - Icing by Steve Eminger.
5:34 of 3rd period - Keith Tkachuk wins face-off versus Brian Sutherby in Capitals zone.
5:37 of 3rd period - Shot by Wojtek Wolski.
5:37 of 3rd period - Stopped by Marty Turco without a rebound.
5:38 of 3rd period - Brett Mclean wins face-off versus Alexander Semin in Capitals zone.
5:59 of 3rd period - Shot by Matt Pettinger.
5:59 of 3rd period - Shot Misses the Net.
6:50 of 3rd period - Icing by Jordan Leopold.
6:51 of 3rd period - Kris Beech wins face-off versus Jeff Taffe in Avalanche zone.
6:51 of 3rd period - Richard Zednik is hit by Peter Bondra and loses puck.
6:56 of 3rd period - Shot by Kris Beech.
6:56 of 3rd period - Stopped by Martin Gerber without a rebound.
6:57 of 3rd period - Derek Armstrong wins face-off versus Kris Beech in Avalanche zone.
7:35 of 3rd period - Shot by Matt Cooke.
7:35 of 3rd period - Shot Misses the Net.
8:00 of 3rd period - Shot by Brett Mclean.
8:00 of 3rd period - Stopped by Marty Turco with a rebound.
8:02 of 3rd period - Shot by Karlis Skrastins.
8:02 of 3rd period - Stopped by Marty Turco without a rebound.
8:03 of 3rd period - Brian Sutherby wins face-off versus Jeff Taffe in Capitals zone.
9:16 of 3rd period - Shot by Brett Mclean.
9:16 of 3rd period - Shot Misses the Net.
9:22 of 3rd period - Shot by Brett Mclean.
9:22 of 3rd period - Shot Blocked by Brian Pothier.
9:26 of 3rd period - Shot by Martin Rucinsky.
9:26 of 3rd period - Shot Misses the Net.
9:30 of 3rd period - Shot by Martin Rucinsky.
9:30 of 3rd period - Stopped by Marty Turco without a rebound.
9:31 of 3rd period - Kris Beech wins face-off versus Derek Armstrong in Capitals zone.
10:02 of 3rd period - Matt Cooke is hit by Derek Armstrong and loses puck.
10:19 of 3rd period - Off-side.
10:20 of 3rd period - Jeff Taffe wins face-off versus Alexander Semin in neutral zone.
10:25 of 3rd period - Shot by Peter Bondra.
10:25 of 3rd period - Deflect By Patrick O'Sullivan.
10:25 of 3rd period - Stopped by Marty Turco with a rebound.
10:34 of 3rd period - Off-side.
10:35 of 3rd period - Joffrey Lupul wins face-off versus Brian Sutherby in neutral zone.
10:47 of 3rd period - Brett Mclean is hit by Alexander Ovechkin and loses puck.
10:58 of 3rd period - Shot by Martin Rucinsky.
10:58 of 3rd period - Deflect By Brett Mclean.
10:58 of 3rd period - Stopped by Marty Turco with a rebound.
11:02 of 3rd period - Shot by Martin Rucinsky.
11:02 of 3rd period - Shot Blocked by Alexander Ovechkin.
11:04 of 3rd period - Shot by Karlis Skrastins.
11:04 of 3rd period - Shot Blocked by Steve Eminger.
11:06 of 3rd period - Shot by Martin Rucinsky.
11:06 of 3rd period - Stopped by Marty Turco without a rebound.
11:07 of 3rd period - Jeff Taffe wins face-off versus Alexander Semin in Capitals zone.
11:10 of 3rd period - Shot by Peter Bondra.
11:10 of 3rd period - Shot Blocked by Brian Pothier.
11:12 of 3rd period - Shot by Peter Bondra.
11:12 of 3rd period - Stopped by Marty Turco without a rebound.
11:13 of 3rd period - Derek Armstrong wins face-off versus Alexander Semin in Capitals zone.
11:32 of 3rd period - Shot by Matt Pettinger.
11:32 of 3rd period - Shot Misses the Net.
13:13 of 3rd period - Shot by Alexander Ovechkin.
13:13 of 3rd period - Stopped by Martin Gerber without a rebound.
13:14 of 3rd period - Jeff Taffe wins face-off versus Alexander Semin in Avalanche zone.
13:48 of 3rd period - Shot by Peter Bondra.
13:48 of 3rd period - Shot Blocked by David Vyborny.
14:17 of 3rd period - Minor Penalty to Shaone Morrisonn for Hooking.
14:18 of 3rd period - Gary Roberts wins face-off versus Kris Beech in neutral zone.
16:07 of 3rd period - Shot by Gary Roberts.
16:07 of 3rd period - Stopped by Marty Turco without a rebound.
16:08 of 3rd period - Kris Beech wins face-off versus Keith Tkachuk in Capitals zone.
17:12 of 3rd period - Icing by Matt Cooke.
17:13 of 3rd period - Derek Armstrong wins face-off versus Kris Beech in Capitals zone.
17:27 of 3rd period - Minor Penalty to Keith Ballard for Hooking.
17:28 of 3rd period - Gary Roberts wins face-off versus Dainius Zubrus in Avalanche zone.
17:28 of 3rd period - Gary Roberts is hit by Dainius Zubrus.
18:38 of 3rd period - Shot by Trent Hunter.
18:38 of 3rd period - Shot Misses the Net.
18:40 of 3rd period - Shot by Trent Hunter.
18:40 of 3rd period - Stopped by Martin Gerber without a rebound.
18:41 of 3rd period - Brian Sutherby wins face-off versus Gary Roberts in Avalanche zone.
19:41 of 3rd period - Brandon Bochenski is hit by Matt Pettinger and loses puck.
19:51 of 3rd period - Icing by Brian Pothier.
19:52 of 3rd period - Alexander Semin wins face-off versus Derek Armstrong in Capitals zone.
19:59 of 3rd period - Shot by Brian Pothier.
19:59 of 3rd period - Shot Misses the Net.

Overtime #1

0:01 of 1st overtime period - Brian Sutherby wins face-off versus Patrick O'Sullivan in neutral zone.
1:14 of 1st overtime period - Shot by Alexander Ovechkin.
1:14 of 1st overtime period - Goal by Alexander Ovechkin - Capitals : 3 - Avalanche : 2.


Output by the SimonT Hockey Simulator (STHS) for Stephane Roy -- Original Page W3C XHTML 1.0 Valid